 Dungeon Crawl Stone Soup version 0.18.1-8-gdd0e5ea (webtiles) character file.

49065 striepan the Executioner (level 14, 0/125 HPs)
             Began as a Hill Orc Fighter on May 28, 2016.
             Was the Champion of Okawaru.
             Shot with an arrow by Nessos (19 damage)
             ... on level 5 of the Lair of Beasts.
             The game lasted 02:40:12 (22522 turns).

striepan the Executioner (Hill Orc Fighter)        Turns: 22522, Time: 02:40:12

Health: 0/125      AC: 31    Str: 24    XL:     14   Next: 49%
Magic:  20/20      EV: 10    Int:  8    God:    Okawaru [******]
Gold:   81         SH:  0    Dex: 10    Spells: 0 memorised, 13 levels left

rFire  . . .     SeeInvis .     q - +2 executioner's axe (chop)
rCold  . . .     Gourm    .     V - +0 plate armour
rNeg   . . .     Faith    .     (shield currently unavailable)
rPois  +         Spirit   .     P - +1 helmet
rElec  .         Dismiss  .     I - +1 cloak {MR+}
rCorr  .         Reflect  .     (no gloves)
SustAt .         Harm     .     t - +1 pair of boots
MR     ++...                    (no amulet)
Stlth  ..........               K - +4 ring of protection
                                M - ring of poison resistance

@: lethally poisoned (0 -> -2), heroism, studying Fighting, very resistant to
hostile enchantments, extremely unstealthy
A: no striking features
a: Heroism, Finesse, Renounce Religion


You were on level 5 of the Lair of Beasts.
You worshipped Okawaru.
Okawaru was exalted by your worship.
You were not hungry.

You visited 4 branches of the dungeon, and saw 21 of its levels.

You collected 1878 gold pieces.
You spent 1797 gold pieces at shops.

Inventory:

Hand Weapons
 q - a +2 executioner's axe of chopping (weapon)
 z - a +2 battleaxe of freezing
 W - a +1 morningstar
Armour
 t - a +1 pair of boots (worn)
 I - a +1 cloak of magic resistance (worn)
 P - a +1 helmet (worn)
 V - a +0 plate armour (worn)
Jewellery
 b - a +1 ring of slaying
 i - an uncursed ring of protection from fire
 o - an uncursed ring of protection from fire
 u - an uncursed ring of see invisible
 D - a +3 ring of dexterity
 K - a +4 ring of protection (right hand)
 M - a ring of poison resistance (left hand)
Wands
 y - a wand of digging (15/24)
 N - a wand of heal wounds (0/9)
 U - a wand of digging (13/24)
 Y - a wand of flame (10/48)
Scrolls
 g - 3 scrolls of identify
 m - a scroll of immolation {unknown}
 n - 7 scrolls of remove curse
 r - a scroll of blinking {unknown}
 s - a scroll of enchant weapon {unknown}
 v - 3 scrolls of recharging
 A - 2 scrolls of teleportation
 C - 2 scrolls of magic mapping
 E - a scroll of vulnerability {unknown}
 G - 4 scrolls of enchant armour
 H - a scroll of fog {unknown}
 L - 2 scrolls of holy word
 R - 4 scrolls of fear
Potions
 a - 2 potions of magic
 d - 5 potions of might
 e - 6 potions of heal wounds
 h - 5 potions of agility
 j - 6 potions of lignification
 k - a potion of ambrosia {unknown}
 p - 5 potions of cancellation
 x - 4 potions of haste
 J - 3 potions of curing
 O - 2 potions of flight
 Q - 3 potions of invisibility
 T - a potion of cure mutation
 X - 2 potions of berserk rage {unknown}
 Z - a potion of resistance {unknown}
Books
 B - a manual of Fighting
Miscellaneous
 l - a stone of tremors
Comestibles
 f - 8 bread rations
 w - 5 meat rations
 F - 4 fruits


   Skills:
 + Level 11.8(16.8) Fighting
 - Level 21.5(26.5) Axes
 - Level 15.0(20.0) Armour
   Level 3.2(8.2) Shields
 - Level 8.0 Invocations


You had 13 spell levels left.
You didn't know any spells.

Dungeon Overview and Level Annotations

Branches:
Dungeon (13/15)            Temple (1/1) D:7            Lair (5/8) D:9
    Orc (2/2) D:12            Elf (0/3) Orc:2
  Swamp: Lair:3-6    Shoals: Lair:3-6     Snake: Lair:3-6    Spider: Lair:3-6
 Vaults: D:13-14

Altars:
Ashenzari
Cheibriados
Dithmenos
Elyvilon
Fedhas
Gozag
Kikubaaqudgha
Makhleb
Nemelex Xobeh
Okawaru
Pakellas
Qazlal
Ru
Sif Muna
Trog
Vehumet
Xom
Yredelemnul
Zin
The Shining One

Shops:
D:4 (   D:6 [:%%   D:13 (   Orc:1 !   Orc:2 (=!=*

Annotations:
Lair:4 exclusion: 2 oklob plants
Lair:5 Nessos


Message History

You feel sick.
Nessos shoots an arrow.
The arrow hits you. The arrow burns you.
You see here 3 arrows.
You feel sick.
Nessos shoots an arrow.
The arrow hits you!!
* * * LOW HITPOINT WARNING * * *
The arrow burns you!
* * * LOW HITPOINT WARNING * * *
Nessos intently looks at you, slowly moving his tail.
Nessos shoots an arrow.
The arrow hits you.
* * * LOW HITPOINT WARNING * * *
The arrow burns you.
* * * LOW HITPOINT WARNING * * *
You see here 3 arrows.
You are too injured to fight recklessly!
You feel sick.
Nessos unwields an uncursed longbow of flaming.
It stops flaming.
Nessos hits you but does no damage.
Nessos blinks!
You are too injured to fight recklessly!
Nessos wields an uncursed longbow of flaming.
It bursts into flame!
Nessos shoots an arrow.
The arrow hits you!!
You die...

.......# ...... ..'.##
.< #..#.# ######..P ##
###..(####.#.#...#
##.##...(##.#.....P...#
#.#...§(.(..#P...♣≈≈.♣.
##..............≈.≈≈.≈.
#.....@.........≈≈≈≈≈≈P
#.....(..........≈≈≈≈.P
##....(...###...≈.≈≈.≈.
#.#...c....###.P≈≈≈≈≈≈.
###........##.#..≈≈≈.≈P
#.....#######.≈..≈≈..
#..#### #.P≈≈≈≈≈P. #..
#..P≈≈≈P.# #+.
.....P.♣...


You could see Nessos.

Vanquished Creatures
  The ghost of simples the Carver, a journeyman MiFi of Zin (Lair:1)
  5 hydras
  A catoblepas (Lair:3)
  4 ogre magi (Orc:2)
  Urug (D:13)
  A fire crab (D:13)
  An unseen horror (D:13)
  4 hill giants
  A necromancer (Lair:3)
  The ghost of Nanban the Shield-Bearer, a novice HOFi of Beogh (D:7)
  3 orc knights (Orc:1)
  A griffon (Lair:3)
  A cyclops (D:11)
  2 orc sorcerers
  An ugly thing (D:13)
  A manticore (D:13)
  Maurice (Orc:2)
  A black mamba (Lair:5)
  6 elephants (Lair:4)
  A torpor snail (Lair:4)
  4 spiny frogs
  A gargoyle (D:13)
  3 rime drakes
  4 komodo dragons
  A freezing wraith (D:13)
  7 trolls
  15 two-headed ogres
  Grinder (D:3)
  2 wraiths
  A wyvern (D:10)
  35 yaks
  4 hungry ghosts
  2 basilisks (Lair:2)
  8 hippogriffs
  A steam dragon (Lair:5)
  A mottled dragon (D:13)
  A warg (Orc:2)
  A soldier ant (D:13)
  2 porcupines
  7 water moccasins
  9 sky beasts
  A black bear (D:13)
  A phantom (D:5)
  3 ice beasts
  4 wolves (Lair:4)
  36 ogres
  15 orc warriors
  5 crocodiles
  7 centaurs
  A big kobold (D:12)
  13 giant frogs
  A gnoll sergeant (D:5)
  4 scorpions
  2 jellies (D:9)
  12 wights
  14 killer bees
  An electric eel (Lair:4)
  8 howler monkeys
  7 crimson imps
  A giant frog zombie (D:11)
  12 orc priests
  3 gnoll shamans (D:5)
  7 hounds
  3 centaur skeletons
  22 orc wizards
  2 giant frog skeletons
  Terence (D:4)
  7 iguanas
  Natasha (thrice) (D:2)
  5 worker ants
  5 polar bear simulacra (Lair:3)
  3 yak simulacra (Lair:3)
  A killer bee zombie (D:9)
  A wolf simulacrum (Lair:3)
  10 sheep
  2 worker ant zombies
  Robin (D:2)
  33 gnolls
  62 river rats
  8 adders
  3 shadow imps
  An ooze (D:3)
  2 adder zombies (D:7)
  3 worms
  6 giant geckos
  57 orcs
  A ball python (D:2)
  9 giant cockroaches
  23 goblins
  11 hobgoblins
  46 jackals
  3 quokkas
  12 bats
  A giant gecko zombie (D:9)
  5 giant newts
  2 jackal skeletons (D:5)
  7 kobolds
  7 rats
  A river rat simulacrum (Lair:3)
  9 fungi
  5 plants
689 creatures vanquished.

Notes
Turn   | Place    | Note
--------------------------------------------------------------
     0 | D:1      | striepan the Hill Orc Fighter began the quest for the Orb.
     0 | D:1      | Reached XP level 1. HP: 19/19 MP: 1/1
    13 | D:1      | Reached skill level 3 in Axes
    59 | D:1      | Reached XP level 2. HP: 25/26 MP: 2/2
    73 | D:1      | Reached skill level 4 in Axes
   307 | D:1      | Reached XP level 3. HP: 30/31 MP: 3/3
   806 | D:2      | Noticed Robin
   816 | D:2      | Reached skill level 5 in Axes
   965 | D:2      | Killed Robin
   965 | D:2      | Reached XP level 4. HP: 22/39 MP: 4/4
  1127 | D:2      | Reached skill level 6 in Axes
  1132 | D:2      | Noticed Natasha
  1150 | D:2      | Killed Natasha
  1163 | D:2      | Noticed Natasha
  1176 | D:2      | Killed Natasha
  1176 | D:2      | Reached XP level 5. HP: 16/45 MP: 5/5
  1270 | D:2      | Noticed Natasha
  1293 | D:2      | Killed Natasha
  1293 | D:2      | Reached skill level 7 in Axes
  1982 | D:3      | Found a stormy altar of Qazlal.
  1991 | D:3      | Found a snail-covered altar of Cheibriados.
  1991 | D:3      | Found a glowing golden altar of the Shining One.
  2006 | D:3      | Found a glowing silver altar of Zin.
  2038 | D:3      | Found a white marble altar of Elyvilon.
  2038 | D:3      | Found a shimmering altar of Xom.
  2102 | D:3      | Noticed Grinder
  2103 | D:3      | Noticed Terence
  2131 | D:4      | Killed Terence
  2131 | D:4      | Reached skill level 8 in Axes
  2131 | D:4      | Reached XP level 6. HP: 47/51 MP: 6/6
  2142 | D:4      | Found a bloodstained altar of Trog.
  2439 | D:4      | Found Qiebo's Antique Weapon Emporium.
  2525 | D:4      | Reached skill level 9 in Axes
  2968 | D:4      | Bought a glowing broad axe for 104 gold pieces
  3004 | D:4      | Reached XP level 7. HP: 57/57 MP: 7/7
  3366 | D:3      | Found a sparkling altar of Nemelex Xobeh.
  3654 | D:3      | Paralysed by Grinder for 5 turns
  3664 | D:3      | Paralysed by Grinder for 2 turns
  3690 | D:3      | Killed Grinder
  3690 | D:3      | Reached skill level 10 in Axes
  3766 | D:5      | Entered Level 5 of the Dungeon
  3809 | D:5      | Reached skill level 11 in Axes
  3957 | D:5      | Found a radiant altar of Vehumet.
  3958 | D:5      | Found a burning altar of Makhleb.
  3960 | D:5      | Reached XP level 8. HP: 64/64 MP: 8/8
  4044 | D:5      | Reached skill level 12 in Axes
  4315 | D:5      | Reached skill level 5 in Armour
  4380 | D:5      | Reached skill level 5 in Fighting
  4813 | D:5      | Reached XP level 9. HP: 70/75 MP: 9/9
  5174 | D:5      | Reached skill level 13 in Axes
  5213 | D:5      | Found a snail-covered altar of Cheibriados.
  5355 | D:6      | Found Fayggaa's Food Emporium.
  5479 | D:6      | Found Kenirir's Antique Armour Emporium.
  5488 | D:6      | Bought a glowing helmet for 148 gold pieces
  5522 | D:6      | Found Uduassat's Food Boutique.
  5578 | D:6      | Found a sacrificial altar of Ru.
  5675 | D:6      | Found Otumupu's Book Emporium.
  5799 | D:6      | Found Lisydeni's Weapon Shoppe.
  6078 | D:7      | Found a staircase to the Ecumenical Temple.
  6087 | Temple   | Entered the Ecumenical Temple
  6705 | D:7      | Reached skill level 14 in Axes
  6900 | D:7      | Noticed Nanban's ghost (novice HOFi)
  6914 | D:7      | Killed Nanban's ghost
  6995 | D:7      | Reached skill level 15 in Axes
  7247 | D:7      | Found an iron altar of Okawaru.
  7255 | D:7      | Became a worshipper of Warmaster Okawaru
  7445 | D:8      | Reached XP level 10. HP: 83/83 MP: 10/10
  7682 | D:8      | Found a shattered altar of Ashenzari.
  7694 | D:8      | Reached skill level 16 in Axes
  8049 | D:8      | Reached * piety under Okawaru
  8172 | D:9      | Found a staircase to the Lair.
  8654 | D:9      | Reached skill level 17 in Axes
  8783 | D:9      | Reached ** piety under Okawaru
  9019 | D:10     | Entered Level 10 of the Dungeon
  9040 | D:10     | Found a radiant altar of Vehumet.
  9244 | D:10     | Noticed a hill giant
  9254 | D:10     | Killed a hill giant
  9627 | D:10     | Reached *** piety under Okawaru
  9627 | D:10     | Reached XP level 11. HP: 89/89 MP: 12/12
  9631 | D:10     | Reached skill level 18 in Axes
 10031 | D:11     | Reached **** piety under Okawaru
 10477 | D:11     | Reached skill level 10 in Armour
 10860 | D:11     | Noticed a cyclops
 10870 | D:11     | Killed a cyclops
 10943 | D:11     | Noticed a hill giant
 10952 | D:11     | Killed a hill giant
 10952 | D:11     | Reached ***** piety under Okawaru
 11661 | D:12     | Noticed a hill giant
 11671 | D:12     | Killed a hill giant
 11671 | D:12     | Reached skill level 5 in Invocations
 11671 | D:12     | Reached XP level 12. HP: 75/96 MP: 14/16
 11760 | D:12     | Got a spiked plate armour
 11771 | D:12     | Identified the cursed +1 plate armour "Gaduas" {+Blink Str-2 Stlth+} (You found it on level 12 of the Dungeon)
 11809 | D:12     | Gained mutation: Your magical capacity is low (-10% MP). [potion of mutation]
 11809 | D:12     | Gained mutation: Scrolls take you a little longer to read. [potion of mutation]
 11809 | D:12     | Gained mutation: You tend to lose your temper in combat. [potion of mutation]
 11810 | D:12     | Lost mutation: You tend to lose your temper in combat. [potion of cure mutation]
 11810 | D:12     | Lost mutation: Your magical capacity is low (-10% MP). [potion of cure mutation]
 11810 | D:12     | Lost mutation: Scrolls take you a little longer to read. [potion of cure mutation]
 11880 | D:12     | Found a staircase to the Orcish Mines.
 12037 | D:12     | Reached skill level 19 in Axes
 12441 | D:13     | Found Assat's Weapon Shoppe.
 12896 | D:13     | Noticed a centaur warrior
 12914 | D:13     | Received a gift from Okawaru
 13358 | Lair:1   | Entered Level 1 of the Lair of Beasts
 13428 | Lair:1   | Noticed simples's ghost (journeyman MiFi)
 13435 | Lair:1   | Noticed a six-headed hydra
 13477 | Lair:1   | Killed a six-headed hydra
 13678 | Lair:1   | Noticed a seven-headed hydra
 13692 | Lair:1   | Killed a seven-headed hydra
 14190 | Lair:1   | Killed simples's ghost
 14190 | Lair:1   | Reached skill level 20 in Axes
 14939 | Lair:2   | Received a gift from Okawaru
 15206 | Lair:2   | Noticed a four-headed hydra
 15217 | Lair:2   | Killed a ten-headed hydra
 15581 | Lair:3   | Reached skill level 21 in Axes
 15623 | Lair:3   | Reached XP level 13. HP: 102/102 MP: 19/19
 17119 | D:13     | Noticed Urug
 17126 | D:13     | Killed Urug
 17138 | D:13     | Noticed a vault guard
 17593 | D:13     | Reached ****** piety under Okawaru
 17593 | D:13     | Received a gift from Okawaru
 17998 | Orc:1    | Entered Level 1 of the Orcish Mines
 18173 | Orc:2    | Entered Level 2 of the Orcish Mines
 18173 | Orc:2    | Found a staircase to the Elven Halls.
 18221 | Orc:2    | Noticed Maurice
 18365 | Orc:1    | Found Tulou's Distillery.
 19289 | Orc:2    | Killed Maurice
 19323 | Orc:2    | Reached XP level 14. HP: 48/110 MP: 20/20
 19481 | Orc:2    | Reached skill level 15 in Armour
 19894 | Orc:2    | Found Holo's Distillery.
 19908 | Orc:2    | Received a gift from Okawaru
 20153 | Orc:2    | Found a burning altar of Makhleb.
 20207 | Orc:2    | Found Bouga's Antique Weapon Shoppe.
 20208 | Orc:2    | Found Xerchequle's Jewellery Boutique.
 20208 | Orc:2    | Found Pemoable's General Store.
 20208 | Orc:2    | Found Sarou's Jewellery Boutique.
 20658 | D:6      | Bought a manual of Fighting for 1545 gold pieces
 21341 | Lair:4   | Reached skill level 10 in Fighting
 21833 | Lair:5   | Received a gift from Okawaru
 22498 | Lair:5   | Noticed Nessos
 22522 | Lair:5   | Shot with an arrow by Nessos

Skill      XL: |  1  2  3  4  5  6  7  8  9 10 11 12 13 14 |
---------------+-------------------------------------------+-----
Axes           | 3 4 5 6 8 9 11 12 15 17 18 21 | 21.5
Fighting       | 6 11 | 11.8
Armour         | 5 6 10 14 15 | 15.0
Invocations    | 2 5 8 |  8.0
Shields        | |  3.2

Action                   |  1- 3 |  4- 6 |  7- 9 | 10-12 | 13-15 || total
-------------------------+-------+-------+-------+-------+-------++-------
Melee: War axe           |   115 |   180 |       |       |       ||   295
       Broad axe         |       |     3 |   430 |   481 |    50 ||   964
       Battleaxe         |       |       |       |   165 |       ||   165
       Executioner's axe |       |       |       |    99 |   577 ||   676
       Morningstar       |       |       |       |    15 |     6 ||    21
Invok: Heroism           |       |       |       |     7 |     5 ||    12
       Finesse           |       |       |       |     1 |     2 ||     3
Evoke: Wand              |       |       |       |     2 |     1 ||     3
  Use: Scroll            |       |       |     3 |    18 |     2 ||    23
       Potion            |       |       |       |     5 |       ||     5
 Stab: Paralysed         |       |       |     1 |       |       ||     1
  Eat: Chunk             |       |     7 |    13 |    20 |    20 ||    60
       Beef jerky        |       |       |     1 |     9 |       ||    10
       Fruit             |       |       |       |     3 |     1 ||     4
       Meat ration       |       |       |       |     1 |       ||     1
       Pizza             |       |       |       |       |     1 ||     1
Armor: Scale mail        |    62 |       |       |       |       ||    62
       Chain mail        |    18 |    78 |   213 |    69 |       ||   378
       Plate armour      |       |       |       |   393 |   366 ||   759
       Skin              |       |       |       |       |     4 ||     4
Dodge: Dodged            |    49 |    29 |    89 |   141 |   209 ||   517
Block: Shield            |    82 |    77 |   128 |   124 |       ||   411
